 Dungeon Crawl Stone Soup version 0.30-a0-739-gea05faddec (webtiles) character file.

Game seed: 2307051356289775970

126 pokeman the Magician (level 4, 0/25 HPs)
             Began as a Deep Elf Hedge Wizard on Feb 4, 2023.
             Succumbed to an adder's poison
             ... on level 3 of the Dungeon.
             The game lasted 00:03:48 (2942 turns).

pokeman the Magician (Deep Elf Hedge Wizard)        Turns: 2942, Time: 00:03:49

Health: 0/25       AC:  2    Str:  7    XL:     4   Next: 84%
Magic:  7/13       EV: 13    Int: 21    God:
Gold:   120        SH:  0    Dex: 14    Spells: 3/14 levels left

rFire   . . .      SeeInvis .    a - +0 dagger
rCold   . . .      Faith    .    (no shield)
rNeg    . . .      Spirit   .    b - +0 robe
rPois   .          Reflect  .    c - +0 hat
rElec   .          Harm     .    (no cloak)
rCorr   .          Rampage  .    (no gloves)
Will    .....                    (no boots)
Stlth   ++                       (no amulet)
HPRegen 0.24/turn                (no ring)
MPRegen 0.13/turn                (no ring)

@: lethally poisoned (0 -> -1)
A: no striking features
a: no special abilities


You were on level 3 of the Dungeon.
You visited 1 branch of the dungeon, and saw 3 of its levels.

You collected 120 gold pieces.

Inventory:

Hand Weapons
 a - a +0 dagger (weapon)
Armour
 b - a +0 robe (worn)
 c - a +0 hat (worn)
Scrolls
 f - 3 scrolls of teleportation {unknown}
 g - 5 scrolls of identify {unknown}
 h - a scroll of silence {unknown}
 k - a scroll of fog {unknown}
 l - a scroll of fear {unknown}
 m - a scroll of immolation {unknown}
Potions
 d - 2 potions of magic
 e - a potion of haste
 i - a potion of brilliance {unknown}
 j - a potion of invisibility {unknown}


   Skills:
 - Level 1.0 Fighting
 - Level 1.1 Armour
 + Level 2.9 Dodging
 - Level 3.0 Stealth
 * Level 5.8 Spellcasting
 + Level 2.4 Conjurations
 - Level 1.1 Summonings
 - Level 1.1 Translocations
 + Level 0.0 Poison Magic


You had 3 spell levels left.
You knew the following spells:

 Your Spells              Type           Power      Damage    Failure   Level
a - Magic Dart            Conj           64%        1d6       3%          1
b - Mephitic Cloud        Conj/Pois/Air  9%         N/A       22%         3
c - Call Imp              Summ           10%        N/A       10%         2
d - Blink                 Tloc           20%        N/A       10%         2
e - Stone Arrow           Conj/Erth      22%        3d8       19%         3

Your spell library contained the following spells:

 Spells                   Type           Power      Damage    Failure   Level
 Sandblast                Erth           12%        2d6       10%         1
 Slow                     Hex            24%        N/A       10%         1
 Cigotuvi's Dreadful Rot  Necr/Pois/Air  12%        N/A       16%         2
 Passwall                 Tmut/Erth      5%         N/A       16%         2
 Tukima's Dance           Hex            6%         N/A       30%         3
 Passage of Golubria      Tloc           10%        N/A       54%         4
 Yara's Violent Unravell  Hex/Tmut       3%         3d4       95%         5


Dungeon Overview and Level Annotations

Branches:
Dungeon (3/15)

Altars:
Elyvilon
Trog

Annotations:
D:3 Ijyb


Message History

The adder poisons you!
Your crimson imp hits the adder.
Ijyb hits the adder with a +5 club.
The kobold hits you with a +0 club.
Casting: Call Imp (safe; 10% risk of failure)
Confirm with . or Enter, or press ? or * to list all spells.
Aiming: Magic Dart (safe; 3% risk of failure)
Press: ? - help, Shift-Dir - straight line, f - kobold, p - adder
Aim: a kobold, wielding a +0 club and quivering stones (100% to hit)
The magic dart hits the kobold.
The kobold is severely wounded.
You feel sick. The kobold misses you.
Casting: Magic Dart (safe; 3% risk of failure)
Confirm with . or Enter, or press ? or * to list all spells.
Aiming: Magic Dart (safe; 3% risk of failure)
Press: ? - help, Shift-Dir - straight line, f/p - kobold
Aim: a kobold, wielding a +0 club and quivering stones (severely wounded, 100% to hit)
The magic dart hits the kobold.
You kill the kobold!
You feel sick.
The adder barely misses your crimson imp.
Ijyb misses your crimson imp.
Your crimson imp hits the adder but does no damage.
You feel sick. The adder bites your crimson imp.
Your crimson imp barely misses the adder.
You hit the adder.
You kill the adder!
You feel sick.
Your crimson imp hits Ijyb but does no damage.
Your Stealth skill increases to level 3!
Unknown command.
Unknown command.
You catch the helpless Ijyb completely off-guard!
You puncture Ijyb!
Ijyb is moderately wounded.
You feel sick.
Your crimson imp hits Ijyb.
You hit Ijyb.
Ijyb is heavily wounded.
You feel sick. Ijyb hits you with a +5 club. Ijyb hits you with a +5 club!
* * * LOW HITPOINT WARNING * * *
Your crimson imp hits Ijyb.
You die...

#.......# #.##._..#
#. #.##...## # #.
#.###### .##. #####
#.# $.. ...# #.#
##.## #.####.########
#..)###..........<...
#.5.@.......>........
#!g.################.
##### #. #. #. #. #.
#. #.


You could see Ijyb (fast, confused, ally target) and a friendly crimson imp
(summoned).

Vanquished Creatures
  An orc priest (D:3)
  3 adders
  2 dart slugs (D:2)
  An orc (D:3)
  3 bats
  2 endoplasms (D:1)
  4 giant cockroaches
  4 hobgoblins
  7 jackals
  9 kobolds
  5 quokkas
  A ball python (D:2)
  3 frilled lizards
  9 goblins
  2 rats (D:1)
56 creatures vanquished.

Vanquished Creatures (collateral kills)
  A worm (D:2)
  A kobold (D:2)
2 creatures vanquished.

Vanquished Creatures (others)
  A butterfly (D:3)
1 creature vanquished.

Grand Total: 59 creatures vanquished

Notes
Turn   | Place    | Note
-------+----------+-------------------------------------------
     0 | D:1      | pokeman the Deep Elf Hedge Wizard began the quest for the
                  | Orb.
     0 | D:1      | Reached XP level 1. HP: 10/10 MP: 7/7
   285 | D:1      | Reached XP level 2. HP: 16/16 MP: 6/9
   888 | D:1      | Reached skill level 5 in Spellcasting
  1078 | D:1      | Reached XP level 3. HP: 20/20 MP: 7/11
  1082 | D:1      | Learned a level 3 spell: Mephitic Cloud
  1085 | D:1      | Learned a level 2 spell: Call Imp
  1088 | D:1      | Learned a level 2 spell: Blink
  1092 | D:1      | Learned a level 3 spell: Stone Arrow
  1623 | D:2      | Reached skill level 1 in Armour
  1645 | D:2      | Found a faded altar of an unknown god.
  1704 | D:2      | Reached skill level 1 in Fighting
  2158 | D:2      | Reached XP level 4. HP: 25/25 MP: 9/13
  2880 | D:3      | Found a white marble altar of Elyvilon.
  2903 | D:3      | Found a bloodstained altar of Trog.
  2926 | D:3      | Noticed Ijyb
  2941 | D:3      | HP: 1/25 [Ijyb/+5 club (7)]
  2942 | D:3      | Succumbed to an adder's poison

Illustrated notes

Levels and vault maps discovered:
D:1:      dpeg_arrival_rooms_c, layout_loops_ring, nrook_mini_vaults,
          nicolae_eternal_life
D:2:      layout_basic, dreamdust_ecumenical_altar_grove, minmay_tetromino_t4
D:3:      layout_loops_ring, bloody_trog, nicolae_elyvilon_peaceful_grove,
          uniq_ijyb

Skill      XL: |  1  2  3  4 |
---------------+-------------+-----
Spellcasting   | 5 |  5.8
Armour         | 1 |  1.1
Fighting       | 1 |  1.0
Conjurations   | 2 |  2.4
Stealth        | 3 |  3.0
Dodging        | |  2.9
Summonings     | |  1.1
Translocations | |  1.1

Action                     |  1- 3 |  4- 6 || total
---------------------------+-------+-------++-------
  Melee: Dagger            |    10 |     6 ||    16
   Cast: Magic Dart        |   124 |    26 ||   150
         Call Imp          |     3 |     2 ||     5
         Mephitic Cloud    |       |     1 ||     1
   Stab: Confused          |       |     1 ||     1
 Armour: Robe              |     7 |     1 ||     8
  Dodge: Dodged            |    22 |     1 ||    23

Table legend: (Time is in decaauts)
 A = Elapsed time spent in this place.
 B = Non-inter-level travel time spent in this place.
 C = Inter-level travel time spent in this place.
 D = Time resting spent in this place.
 E = Time spent auto-exploring this place.
 F = Levels seen in this place.
 G = Mean time per level.
                   A        B        C        D        E       F      G
               +--------+--------+--------+--------+--------+-----+--------+
         Total |   2941 |   2916 |     25 |     41 |   2562 |   3 |  980.3 |
       Dungeon |   2941 |   2916 |     25 |     41 |   2562 |   3 |  980.3 |
               +--------+--------+--------+--------+--------+-----+--------+

Top non-repeatable levels by time:
     D:1: 1516 daAuts
     D:2: 993 daAuts
     D:3: 431 daAuts
